 Dungeon Crawl Stone Soup version 0.25.1-2-g60ff931df9 (webtiles) character file.

Game seed: 1879382409714968101

233 lepoulpe303 the Ducker (level 5, -3/28 HPs)
             Began as a Spriggan Fighter on Sept 17, 2020.
             Slain by a hound (5 damage)
             ... on level 3 of the Dungeon.
             The game lasted 00:13:52 (4678 turns).

lepoulpe303 the Ducker (Spriggan Fighter)           Turns: 4678, Time: 00:13:53

Health: -3/28      AC:  3    Str: 13    XL:     5   Next: 74%
Magic:  6/6        EV: 21    Int:  9    God:
Gold:   122        SH:  6    Dex: 16    Spells: 4/4 levels left

rFire    . . .     SeeInvis +   a - +0 rapier
rCold    . . .     Gourm    .   c - +0 buckler
rNeg     . . .     Faith    .   b - +0 robe
rPois    .         Spirit   .   (helmet restricted)
rElec    .         Reflect  .   o - +0 cloak
rCorr    .         Harm     .   (gloves unavailable)
MR       .....                  (boots unavailable)
Stlth    +++.......             (no amulet)
HPRegen  0.09/turn              (no ring)
MPRegen  0.10/turn              (no ring)

@: lethally poisoned (-3 -> -13), very slightly contaminated, invisible, very
quick
A: very small, unfitting armour, see invisible, herbivore, speed 3, slow
metabolism 2
a: no special abilities


You were on level 3 of the Dungeon.
You were not hungry.

You visited 1 branch of the dungeon, and saw 4 of its levels.

You collected 122 gold pieces.

Inventory:

Hand Weapons
 a - a +0 rapier (weapon)
Missiles
 g - 4 datura-tipped darts
 p - 15 poisoned darts (quivered)
Armour
 b - a +0 robe (worn)
 c - a +0 buckler (worn)
 o - a +0 cloak (worn)
Jewellery
 f - an uncursed amulet of reflection {unknown}
 n - an uncursed amulet of reflection {unknown}
Wands
 r - a wand of flame (20)
Scrolls
 h - 4 scrolls of identify {unknown}
 i - a scroll of amnesia {unknown}
 j - a scroll of enchant armour {unknown}
 k - 3 scrolls of remove curse {unknown}
 l - 3 scrolls of teleportation {unknown}
 m - 2 scrolls of enchant weapon {unknown}
Potions
 d - a potion of might
Comestibles
 e - 6 rations


   Skills:
 + Level 2.8 Fighting
 * Level 3.6 Short Blades
 + Level 1.1 Armour
 * Level 5.9 Dodging
 * Level 3.8 Stealth
 + Level 2.6 Shields


You had 4 spell levels left.
You didn't know any spells.
Your spell library was empty.

Dungeon Overview and Level Annotations

Branches:
Dungeon (4/15)
 Temple: D:4-7

Altars:
Ashenzari
Qazlal
Yredelemnul


Innate Abilities, Weirdness & Mutations

You are very small and have problems with some larger weapons.
You are too small for most types of armour.
You have supernaturally acute eyesight. (SInv)
You are a herbivore.
You cover ground extremely quickly.
You need to consume almost no food.


Message History

The adder closely misses you.
You take 6 damage, and have 9/28 hp.
MASSIVE DAMAGE!!
It was a potion of invisibility.
You fade into invisibility!
You feel sick. The hound misses you. You block the hound's attack.
The adder bites you.
* * * LOW HITPOINT WARNING * * *
You are more poisoned.
The adder poisons you!
You are very lightly contaminated with residual magic.
You take 5 damage, and have 4/28 hp.
You hit the adder but do no damage.
* * * LOW HITPOINT WARNING * * *
You feel sick. The hound misses you. The adder closely misses you.
You take 1 damage, and have 3/28 hp.
You closely miss the adder.
* * * LOW HITPOINT WARNING * * *
You feel sick. The hound bites you.
You die...

#...#
#.....+......)#..#
##'##
#.....###....##..#
##.# #....##
#.#.###..# #.##
#...## #.##.....#
#.# #..##
#.##.###.# .##
#.## #........#
#.## #.#
####.##### ...##
#.##########.#
..#.#
#.......S@h..#
....#
#..###########
....####...#
#.........##
...####..##
.........#
##.#####.# ##.#
#.# ##.# #.#


You could see a hound and an adder.

Levels and vault maps discovered:
D:1:      heliophobic_arrival_ceremonial_halls, layout_loops_ring
D:2:      layout_rooms, marbit_many_paths, lemuel_zombie_altar_yredelemnul,
          ashenzari_conservatory_becter
D:3:      layout_loops_corners, first_ration, uniq_crazy_yiuf_cottage
D:4:      minmay_wonky_spiral, layout_cave_pools, led_xom_imps, tgw_fedhas,
          chequers_temple_overflow_statue_of_worship, serial_shops, shop,
          st_stairs_1, hangedman_glass_teeth, minivault_11, uniq_blork_the_orc,
          uniq_grinder

Notes
Turn   | Place    | Note
-------+----------+-------------------------------------------
     0 | D:1      | lepoulpe303 the Spriggan Fighter began the quest for the
                  | Orb.
     0 | D:1      | Reached XP level 1. HP: 11/11 MP: 2/2
    15 | D:1      | Identified a +0 club
    89 | D:1      | Reached XP level 2. HP: 16/16 MP: 3/3
   228 | D:1      | Reached skill level 1 in Stealth
   370 | D:1      | Identified a +0 dagger
   990 | D:1      | Reached XP level 3. HP: 7/19 MP: 4/4
   996 | D:1      | HP: 4/19 [poisoned by an adder]
  1004 | D:1      | HP: 3/19 [poisoned by an adder]
  1293 | D:2      | Identified a +0 club
  1296 | D:2      | Identified a +0 short sword
  1487 | D:1      | Reached skill level 5 in Dodging
  1620 | D:1      | Reached skill level 2 in Stealth
  1753 | D:2      | HP: 1/19 [worm (6)]
  2216 | D:2      | Noticed a scorpion
  2226 | D:2      | Killed a scorpion
  2226 | D:2      | Reached skill level 3 in Short Blades
  2226 | D:2      | Reached XP level 4. HP: 17/23 MP: 5/5
  2439 | D:2      | Found a shattered altar of Ashenzari.
  2462 | D:2      | Found a basalt altar of Yredelemnul.
  2668 | D:2      | Found a stormy altar of Qazlal.
  2779 | D:3      | Identified a +0 cloak (You found it on level 3 of the
                  | Dungeon)
  2826 | D:3      | Identified a +0 mace
  2826 | D:3      | Identified a +0 leather armour
  2844 | D:3      | Reached skill level 3 in Stealth
  2917 | D:3      | Identified a +0 short sword
  2953 | D:3      | Identified a +0 war axe
  3032 | D:3      | Found a runed translucent door.
  3033 | D:3      | Identified a +4 quarterstaff of chaos
  3033 | D:3      | Identified a +0 cloak
  3033 | D:3      | Noticed Crazy Yiuf
  3246 | D:3      | Identified a +0 club
  3246 | D:3      | Identified a +0 leather armour
  3250 | D:3      | HP: 4/23 [hobgoblin/+0 club (5)]
  3582 | D:3      | Reached XP level 5. HP: 27/27 MP: 6/6
  3637 | D:3      | Identified a +0 scale mail
  3642 | D:3      | Identified a +0 dagger
  3681 | D:3      | Reached skill level 1 in Armour
  3833 | D:3      | Identified a +0 short sword
  3849 | D:3      | Identified a +0 club
  3905 | D:3      | Identified a +0 dagger
  4122 | D:3      | Identified a +0 dagger
  4562 | D:3      | Killed Crazy Yiuf
  4676 | D:3      | Identified a potion of invisibility
  4676 | D:3      | HP: 4/28 [adder (4)]
  4678 | D:3      | Slain by a hound

Table legend:
 A = Turns spent in this place as a percentage of turns spent in the entire game.
 B = Non-inter-level travel turns spent in this place as a percentage of non-inter-level travel turns spent in the entire game.
 C = Inter-level travel turns spent in this place as a percentage of turns spent in this place.
 D = Turns resting spent in this place as a percentage of non-inter-level travel turns spent in this place.
 E = Turns spent auto-exploring this place as a percentage of non-inter-level travel turns spent in this place.
 F = Non-inter-level travel turns spent in this place divided by the number of levels of this place that you've seen.
                   A       B       C       D       E      F
               +-------+-------+-------+-------+-------+----------------------
         Total | 100.0 | 100.0 |   1.9 |  39.2 |  35.2 | 1147.0
       Dungeon | 100.0 | 100.0 |   1.9 |  39.2 |  35.2 | 1147.0
               +-------+-------+-------+-------+-------+----------------------

Table legend:
 A = Kills in this place as a percentage of kills in entire the game.
 B = Kills by you in this place as a percentage of kills by you in the entire game.
 C = Kills by friends in this place as a percentage of kills by friends in the entire game.
 D = Other kills in this place as a percentage of other kills in the entire game.
 E = Experience gained in this place as a percentage of experience gained in the entire game.
 F = Experience gained in this place divided by the number of levels of this place that you have seen.
                   A       B       C       D       E      F
               +-------+-------+-------+-------+-------+----------------------
         Total | 100.0 | 100.0 |   N/A |   N/A | 100.0 |  83.2
       Dungeon | 100.0 | 100.0 |   N/A |   N/A | 100.0 |  83.2
               +-------+-------+-------+-------+-------+----------------------

Skill      XL: |  1  2  3  4  5 |
---------------+----------------+-----
Stealth        | 1 2 3 |  3.8
Dodging        | 5 |  5.9
Short Blades   | 3 |  3.6
Armour         | 1 |  1.1
Fighting       | |  2.8
Shields        | |  2.6

Action                   |  1- 3 |  4- 6 || total
-------------------------+-------+-------++-------
Melee: Rapier            |   131 |   176 ||   307
Throw: Dart              |     1 |    14 ||    15
  Use: Potion            |       |     1 ||     1
 Stab: Sleeping          |     3 |     8 ||    11
       Distracted        |       |     1 ||     1
  Eat: Ration            |       |     1 ||     1
Armor: Robe              |     9 |    10 ||    19
Dodge: Dodged            |    85 |   150 ||   235
Block: Buckler           |    33 |    39 ||    72

Vanquished Creatures
  A scorpion (D:2)
  Crazy Yiuf (D:3)
  A centaur skeleton (D:3)
  4 adders
  An ooze (D:4)
  2 worms
  2 dart slugs (D:1)
  5 leopard geckos
  6 orcs (D:3)
  3 giant cockroaches
  2 gnoll zombies (D:2)
  4 goblins
  6 hobgoblins
  6 jackals
  8 kobolds
  2 quokkas
  6 ball pythons
  6 bats
  2 frilled lizards
  4 rats (D:1)
72 creatures vanquished.
